cohdb
Replays
Latest Replays
All Replays
Popular Replays
Top Player Replays
Match Explorer
How It Works
Community
CoH3 Stats
Reddit
Sign in to upload your games and track your stats! →
Sign in with Steam
Match 20146164
Unlisted
Match 20146164
Overview
Messages
Build Orders
End
Royal Engineer Section
Construct Section Command Post
Selects Indian Artillery Battlegroup
Infantry Section
Infantry Section
ML 3-inch Mortar Team
Construct Field Infirmary
Selects Valour
Selects Gurkha Rifles Section
Gurkha Rifles Section
Construct Platoon Command Post
Grenade Package
Unlock M3 Stuart Light Tanks
Gurkha Rifles Section
Selects Volunteer Infantry
M3 Stuart Light Tank
Construct Company Command Post
Selects Artillery Saturation
Unlock M3 Grant Medium Tanks
wwiljan
Burbon
MonoChrome
Tacos de Tripas
0
0
Comments
sign in to comment!
No comments posted yet!